 Dungeon Crawl Stone Soup version 0.30-a0-557-ge2afbf3030 (webtiles) character file.

Game seed: 11139624896199380564

67 jfcaron the Grave Robber (level 4, 0/30 HPs)
             Began as a Demonspawn Necromancer on Dec 27, 2022.
             Slain by Terence
             ... wielding a +2 heavy flail
              (17 damage)
             ... on level 2 of the Dungeon.
             The game lasted 00:05:56 (1648 turns).

jfcaron the Grave Robber (Demonspawn Necromancer)   Turns: 1648, Time: 00:05:56

Health: 0/30       AC:  6    Str:  8    XL:     4   Next: 0%
Magic:  5/8        EV: 12    Int: 19    God:
Gold:   80         SH:  0    Dex: 13    Spells: 4/8 levels left

rFire   . . .      SeeInvis +    g - +0 dagger
rCold   . . .      Faith    .    (no shield)
rNeg    . . .      Spirit   .    f - +0 leather armour
rPois   .          Reflect  .    s - +0 helmet
rElec   .          Harm     .    j - +1 cloak
rCorr   .          Rampage  .    (no gloves)
Will    .....                    (no boots)
Stlth   ++                       (no amulet)
HPRegen 0.25/turn                v - ring of see invisible
MPRegen 0.11/turn                (no ring)

@: no status effects
A: sturdy frame 1
a: no special abilities


You were on level 2 of the Dungeon.
You visited 1 branch of the dungeon, and saw 2 of its levels.

You collected 129 gold pieces.
You spent 49 gold pieces at shops.

Inventory:

Hand Weapons
 e - a +0 short sword
 g - a +0 dagger (weapon)
Missiles
 d - 25 stones
 u - 2 throwing nets {!f}
Armour
 a - a +0 robe
 f - a +0 leather armour (worn)
 j - a +1 cloak (worn)
 s - a +0 helmet (worn)
 w - a scarf of resistance
   (You found it on level 2 of the Dungeon)
Jewellery
 p - an amulet of guardian spirit
   (You found it on level 2 of the Dungeon)
 v - a ring of see invisible (left hand)
Wands
 t - a wand of iceblast (10)
Scrolls
 c - a scroll of summoning {unknown}
 h - 5 scrolls of identify {unknown}
 k - a scroll of fog {unknown}
 m - a scroll of enchant weapon {unknown}
 o - a scroll of brand weapon {unknown}
 q - 2 scrolls of acquirement {unknown}
 x - a scroll of noise {unknown}
 y - a scroll of magic mapping {unknown}
Potions
 b - a potion of magic
 i - a potion of attraction {unknown}
 l - 2 potions of haste {unknown}
 n - a potion of curing {unknown}
 r - a potion of cancellation {unknown}


   Skills:
 - Level 2.1 Dodging
 - Level 2.1 Stealth
 + Level 2.6 Spellcasting
 * Level 5.3 Necromancy


You had 4 spell levels left.
You knew the following spells:

 Your Spells              Type           Power      Damage    Failure   Level
a - Necrotise             Necr           88%        1d8       1%          1
b - Vampiric Draining     Necr           22%        2d7       5%          3

Your spell library contained the following spells:

 Spells                   Type           Power      Damage    Failure   Level
 Animate Dead             Necr           22%        N/A       19%         4
 Agony                    Necr           22%        N/A       45%         5


Dungeon Overview and Level Annotations

Branches:
Dungeon (2/15)

Altars:

Shops:
D:2 [

Annotations:
D:2 Terence


Innate Abilities, Weirdness & Mutations

Your movements are slightly less encumbered by armour. (ER -2)


Message History

The endoplasm writhes in agony!
You kill the endoplasm!
You have reached level 4!
You feel clever.
Magic restored.
Terence the Incautious comes into view.
He is wielding a +2 heavy flail and wearing a +1 chain mail of positive energy.
Okay, then.
Unknown command.
Terence shouts!
Aiming: Iceblast
Press: ? - help, Shift-Dir - straight line, f - Terence
Aim: Terence, wielding a +2 heavy flail and wearing a +1 chain mail of positive energy The mass of ice explodes!
The iceblast engulfs Terence but does no damage.
Aiming: Iceblast
Press: ? - help, Shift-Dir - straight line, f/p - Terence
Aim: Terence, wielding a +2 heavy flail and wearing a +1 chain mail of positive energy The mass of ice explodes!
The iceblast engulfs Terence!
Terence is moderately wounded.
Terence attacks as you move away! Terence closely misses you.
Casting: Necrotise (safe; 1% risk of failure)
Confirm with . or Enter, or press ? or * to list all spells.
Aiming: Necrotise (safe; 1% risk of failure)
Press: ? - help, Shift-Dir - straight line, f/p - Terence
Aim: Terence, wielding a +2 heavy flail and wearing a +1 chain mail of positive energy (moderately wounded, chance to affect: 86%) Terence writhes in agony.
Terence hits you with a +2 heavy flail!
Casting: Necrotise (safe; 1% risk of failure)
Confirm with . or Enter, or press ? or * to list all spells.
Aiming: Necrotise (safe; 1% risk of failure)
Press: ? - help, Shift-Dir - straight line, f/p - Terence
Aim: Terence, wielding a +2 heavy flail and wearing a +1 chain mail of positive energy (heavily wounded, chance to affect: 86%) Terence barely resists.
Casting: Necrotise (safe; 1% risk of failure)
Confirm with . or Enter, or press ? or * to list all spells.
Aiming: Necrotise (safe; 1% risk of failure)
Press: ? - help, Shift-Dir - straight line, f/p - Terence
Aim: Terence, wielding a +2 heavy flail and wearing a +1 chain mail of positive energy (heavily wounded, chance to affect: 86%) Terence writhes in agony.
Terence hits you with a +2 heavy flail!
Ouch! That really hurt!
You die...

.# #............# .#
#.###..###.#.#
.####.#.#..# #.#.#
......#.#.<###.###
#######..........#
#..........##.#.#
##)####.#...##.#.#
......#.######.#.####.##
...............#@@...?.#
##.##.#.################
......#.# #######.# ..#
# ###


You could see Terence.

Vanquished Creatures
  An adder (D:2)
  A dart slug (D:2)
  6 ball pythons
  5 endoplasms
  2 giant cockroaches (D:1)
  10 goblins
  4 hobgoblins
  8 jackals (D:1)
  3 quokkas
  2 bats (D:1)
  2 frilled lizards
  5 kobolds (D:1)
49 creatures vanquished.

Notes
Turn   | Place    | Note
-------+----------+-------------------------------------------
     0 | D:1      | jfcaron the Demonspawn Necromancer began the quest for the
                  | Orb.
     0 | D:1      | Reached XP level 1. HP: 13/13 MP: 3/3
   150 | D:1      | Gained mutation: Your movements are slightly less
                  | encumbered by armour. (ER -2) [demonic ancestry]
   150 | D:1      | Reached XP level 2. HP: 14/19 MP: 3/5
   492 | D:1      | Reached XP level 3. HP: 24/24 MP: 4/6
   496 | D:1      | Learned a level 3 spell: Vampiric Draining
   914 | D:1      | Reached skill level 5 in Necromancy
  1188 | D:2      | Found Wuciuc's Armour Shop.
  1222 | D:2      | Bought a +0 helmet for 49 gold pieces
  1615 | D:2      | Reached XP level 4. HP: 30/30 MP: 5/8
  1641 | D:2      | Noticed Terence
  1648 | D:2      | Slain by Terence

Illustrated notes

Levels and vault maps discovered:
D:1:      minmay_arrival_diagonal_passages, layout_basic, grunt_decor_fettered,
          kennysheep_pointless_box
D:2:      layout_basic, serial_shops, shop, uniq_terence

Skill      XL: |  1  2  3 |
---------------+----------+-----
Stealth        | 2 |  2.1
Dodging        | 2 |  2.1
Necromancy     | 5 |  5.3
Spellcasting   | |  2.6

Action                   |  1- 3 |  4- 6 || total
-------------------------+-------+-------++-------
Melee: Unarmed           |    14 |       ||    14
       Short sword       |    23 |       ||    23
       Punch             |     2 |       ||     2
       Dagger            |    53 |       ||    53
 Cast: Necrotise         |    38 |     3 ||    41
Evoke: Wand              |       |     2 ||     2
 Stab: Sleeping          |     2 |       ||     2
       Distracted        |     1 |       ||     1
Armor: Robe              |     4 |       ||     4
       Leather armour    |    14 |       ||    14
Dodge: Dodged            |    58 |     1 ||    59

Table legend: (Time is in decaauts)
 A = Elapsed time spent in this place.
 B = Non-inter-level travel time spent in this place.
 C = Inter-level travel time spent in this place.
 D = Time resting spent in this place.
 E = Time spent auto-exploring this place.
 F = Levels seen in this place.
 G = Mean time per level.
                   A        B        C        D        E       F      G
               +--------+--------+--------+--------+--------+-----+--------+
         Total |   1646 |   1627 |     19 |    120 |   1051 |   2 |  823.0 |
       Dungeon |   1646 |   1627 |     19 |    120 |   1051 |   2 |  823.0 |
               +--------+--------+--------+--------+--------+-----+--------+

Top non-repeatable levels by time:
     D:1: 1042 daAuts
     D:2: 604 daAuts

Table legend:
 A = Kills in this place as a percentage of kills in entire the game.
 B = Kills by you in this place as a percentage of kills by you in the entire game.
 C = Kills by friends in this place as a percentage of kills by friends in the entire game.
 D = Other kills in this place as a percentage of other kills in the entire game.
 E = Experience gained in this place as a percentage of experience gained in the entire game.
 F = Experience gained in this place divided by the number of levels of this place that you have seen.
                   A       B       C       D       E      F
               +-------+-------+-------+-------+-------+----------------------
         Total | 100.0 | 100.0 | 100.0 |   N/A | 100.0 |  48.5
       Dungeon | 100.0 | 100.0 | 100.0 |   N/A | 100.0 |  48.5
               +-------+-------+-------+-------+-------+----------------------
